 Dungeon Crawl Stone Soup version 0.31-a0-986-g5e6e4ef867 (webtiles) character file.

Game seed: 3017270092747264360

638630 strifetoe the Conqueror (level 25, -25/231 HPs)
             Began as a Minotaur Monk on Nov 16, 2023.
             Was the Champion of the Shining One.
             Annihilated by a reaper
             ... wielding a +0 scythe of flaming
              (34 damage)
             ... in Pandemonium on Nov 17, 2023.
             The game lasted 02:01:36 (59507 turns).

strifetoe the Conqueror (Minotaur Monk)            Turns: 59507, Time: 02:01:37

Health: -25/231    AC: 47    Str: 26 (27) XL:     25   Next: 77%
Magic:  27/27      EV: 16    Int:  9 (10) God:    the Shining One [******]
Gold:   2965       SH:  0    Dex:  9 (12) Spells: 34/40 levels left

rFire   + . .        a - +9 executioner's axe (holy)
rCold   + + .        (shield currently unavailable)
rNeg    + + +        m - +9 scales of the Dragon King {rPois rF+ rC+ Will+}
rPois   +            d - +3 crown of Dyrovepreva {rElec Int+2 SInv}
rElec   +            f - +2 cloak {rCorr}
rCorr   +            z - +1 pair of gloves of Pantheism {rN+ Int+3}
SInv    +            r - +0 pair of boots
Will    +++++        D - amulet of the Four Winds {rN+ Will+++ Clar} Stlth
                     C - ring of the Everdark {rC+ EV+5}
HPRegen 0.58/turn    R - ring "Qycvid" {rN+ Slay+4}
MPRegen 0.20/turn

%: clarity
@: glowing, studying Throwing
A: horns 2, retaliatory headbutt, clumsy 1, deterioration 2, dopey 1, frail 1,
low MP 2, no potion heal 1, subdued magic 3
}: 6/15 runes: decaying, slimy, silver, abyssal, demonic, gossamer
a: Renounce Religion, Divine Shield, Cleansing Flame, Summon Divine Warrior


You were in Pandemonium.
You worshipped the Shining One.
The Shining One was exalted by your worship.
You visited 11 branches of the dungeon, and saw 51 of its levels.
You visited Pandemonium 1 time, and saw 9 of its levels.
You visited the Abyss 2 times.
You also visited: Sewer, Volcano and Desolation.

You collected 28518 gold pieces.
You spent 11446 gold pieces at shops.
You paid 14107 gold pieces to Gozag.

Inventory:

Hand Weapons
 a - a +9 executioner's axe of holy wrath (weapon)
 b - the +7 battleaxe "Lesozxop" {flame, rC+ Will+ rCorr}
   (You bought it in a shop on level 2 of the Orcish Mines)

   rC+:       It protects you from cold.
   Will+:     It increases your willpower.
   rCorr:     It protects you from acid and corrosion.
Armour
 d - the +3 crown of Dyrovepreva (worn) {rElec Int+2 SInv}
   (You bought it in a shop on level 3 of the Depths)

   Int+2:     It affects your intelligence (+2).
   rElec:     It insulates you from electricity.
   SInv:      It lets you see invisible.
 f - a +2 cloak of preservation (worn)
 m - the +9 scales of the Dragon King (worn) {rPois rF+ rC+ Will+}
   (You bought it in a shop on level 2 of the Orcish Mines)

   rF+:       It protects you from fire.
   rC+:       It protects you from cold.
   rPois:     It protects you from poison Will+: It increases your willpower.
 r - a +0 pair of boots (worn)
 u - the +1 hat of the Cricket {rF++ Will+ Str+3}
   (You found it on level 5 of the Pits of Slime)

   Str+3:     It affects your strength (+3).
   rF++:      It greatly protects you from fire.
   Will+:     It increases your willpower.
 z - the +1 pair of gloves of Pantheism (worn) {rN+ Int+3}
   (You bought it in a shop on level 2 of the Elven Halls)

   Int+3:     It affects your intelligence (+3).
   rN+:       It protects you from negative energy.
Jewellery
 w - the amulet of Vitality {RegenMP++ Regen++}
   (You bought it in a shop on level 1 of the Dungeon)

   [amulet of magic regeneration]

   RegenMP:   It increases your rate of magic regeneration.
   Regen++:   It increases your rate of health regeneration.
 C - the ring of the Everdark (left hand) {rC+ EV+5}
   (You found it on level 5 of the Vaults)

   [ring of evasion]

   EV+5:      It affects your evasion (+5).
   rC+:       It protects you from cold.
 D - the amulet of the Four Winds (around neck) {rN+ Will+++ Clar}
   (You found it on level 5 of the Pits of Slime)

   [amulet of nothing]

   rN+:       It protects you from negative energy.
   Will+++:   It greatly increases your willpower.
   Clar:      It protects you from confusion, rage, mesmerisation and fear.
 J - the amulet "Ruozuorch" {Spirit rElec Int+3 Dex+3}
   (You bought it in a shop on level 2 of the Elven Halls)

   [amulet of guardian spirit]

   Spirit:    It causes incoming damage to be divided between your reserves of
   health and magic.
   Int+3:     It affects your intelligence (+3).
   Dex+3:     It affects your dexterity (+3).
   rElec:     It insulates you from electricity.
 K - the ring of Shadows {Umbra +Inv Stlth+}
   (You found it on level 3 of the Elven Halls)

   [ring of stealth]

   Umbra:     It surrounds you with an aura of shadow, increasing your stealth
   and reducing the accuracy of all others within it.
   +Inv:      It lets you turn invisible.
   Stlth+:    It makes you more stealthy.
 R - the ring "Qycvid" (right hand) {rN+ Slay+4}
   (You bought it in a shop in the Ecumenical Temple)

   [ring of slaying]

   Slay+4:    It affects your accuracy & damage with ranged weapons and melee
   (+4).
   rN+:       It protects you from negative energy.
 T - the ring of Ibaob {rN+ rCorr Slay+2}
   (You found it on level 3 of the Crypt)

   [ring of positive energy]

   Slay+2:    It affects your accuracy & damage with ranged weapons and melee
   (+2).
   rN+:       It protects you from negative energy.
   rCorr:     It protects you from acid and corrosion.
 V - the ring of Entuasem {rC++ MP+9 Int+4 Stlth-}
   (You found it in the Desolation of Salt)

   [ring of magical power]

   Int+4:     It affects your intelligence (+4).
   rC++:      It greatly protects you from cold.
   MP+9:      It affects your magic capacity (+9).
   Stlth-:    It makes you less stealthy.
Wands
 j - a wand of mindburst (20)
 I - a wand of iceblast (30)
 N - a wand of digging (12)
 P - a wand of paralysis (26)
Scrolls
 g - 6 scrolls of blinking
 l - 29 scrolls of teleportation
 t - 34 scrolls of identify
 x - 2 scrolls of summoning
 y - 2 scrolls of fear
 B - 4 scrolls of fog
 F - a scroll of silence
 O - a scroll of brand weapon
 Q - 3 scrolls of revelation
Potions
 i - 7 potions of haste
 n - 8 potions of mutation
 p - 23 potions of curing
 q - 6 potions of enlightenment
 s - 12 potions of heal wounds
 v - 4 potions of berserk rage
 A - 6 potions of invisibility
 E - 5 potions of resistance
 G - 4 potions of might
 H - a potion of attraction
 M - 6 potions of cancellation
Miscellaneous
 c - a condenser vane
 k - a phantom mirror
 W - a phial of floods


   Skills:
 O Level 27 Fighting
 - Level 25.4 Axes
 + Level 7.2 Throwing
 - Level 25.6 Armour
 - Level 17.4 Dodging
 - Level 8.0 Spellcasting
 - Level 14.0 Translocations
 + Level 12.1 Invocations
 - Level 6.5 Evocations


You had 34 spell levels left.
You knew the following spells:

 Your Spells              Type           Power      Damage    Failure   Level
a - Blink                 Tloc           30%        N/A       1%          2
b - Manifold Assault      Tloc           15%        N/A       1%          4

Your spell library contained the following spells:

 Spells                   Type           Power      Damage    Failure   Level
 Apportation              Tloc           30%        N/A       1%          1
 Lesser Beckoning         Tloc           30%        N/A       1%          2
 Gell's Gravitas          Tloc           15%        N/A       1%          3
 Teleport Other           Tloc           15%        N/A       1%          3
 Momentum Strike          Conj/Tloc      16%        3d8       6%          2
 Volatile Blastmotes      Fire/Tloc      16%        2d11      13%         3
 Dispersal                Tloc           7%         N/A       41%         6
 Dimensional Bullseye     Hex/Tloc       4%         N/A       45%         4
 Iskenderun's Mystic Bla  Conj/Tloc      8%         2d4       45%         4
 Freeze                   Ice            4%         1d3       69%         1
 Kiss of Death            Conj/Necr      4%         2d5       69%         1
 Magic Dart               Conj           4%         1d3       69%         1
 Necrotise                Necr           4%         1d4       69%         1
 Sandblast                Erth           2%         2d4       69%         1
 Slow                     Hex            4%         N/A       69%         1
 Sting                    Tmut/Pois      4%         1d3       69%         1
 Summon Small Mammal      Summ           4%         N/A       69%         1
 Call Imp                 Summ           2%         N/A       83%         2
 Cigotuvi's Dreadful Rot  Necr/Pois/Air  2%         N/A       83%         2
 Ensorcelled Hibernation  Hex/Ice        2%         N/A       83%         2
 Jinxbite                 Hex            2%         N/A       83%         2
 Passwall                 Tmut/Erth      0%         N/A       83%         2
 Poisonous Vapours        Pois/Air       2%         N/A       83%         2
 Searing Ray              Conj           2%         2d4       83%         2
 Sublimation of Blood     Necr           1%         N/A       83%         2
 Wereblood                Tmut           1%         N/A       83%         2
 Summon Forest            Summ/Tloc      4%         N/A       85%         5
 Call Canine Familiar     Summ           1%         N/A       97%         3
 Confusing Touch          Hex            1%         N/A       97%         3
 Dazzling Flash           Conj/Hex       2%         N/A       97%         3
 Frozen Ramparts          Ice            2%         1d1       97%         3
 Hailstorm                Conj/Ice       1%         3d3       97%         3
 Ignite Poison            Fire/Tmut/Pois 1%         N/A       97%         3
 Inner Flame              Hex/Fire       1%         N/A       97%         3
 Mephitic Cloud           Conj/Pois/Air  1%         N/A       97%         3
 Sigil of Binding         Hex            1%         N/A       97%         3
 Stone Arrow              Conj/Erth      2%         3d7       97%         3
 Summon Guardian Golem    Hex/Summ       1%         N/A       97%         3
 Tukima's Dance           Hex            1%         N/A       97%         3
 Vampiric Draining        Necr           1%         2d6       97%         3
 Anguish                  Hex/Necr       0%         N/A       100%        4
 Animate Armour           Summ/Erth      2%         N/A       100%        4
 Brom's Barrelling Bould  Conj/Erth      1%         2d3       100%        4
 Cause Fear               Hex            0%         N/A       100%        4
 Dispel Undead            Necr           1%         3d6       100%        4
 Fulminant Prism          Conj/Hex       0%         3d5       100%        4
 Leda's Liquefaction      Hex/Erth       0%         N/A       100%        4
 Petrify                  Tmut/Erth      1%         N/A       100%        4
 Sticky Flame             Conj/Fire      1%         2d3       100%        4
 Summon Lightning Spire   Summ/Air       1%         N/A       100%        4
 Agony                    Necr           1%         N/A       100%        5
 Borgnjor's Vile Clutch   Necr/Erth      0%         N/A       100%        5
 Fireball                 Conj/Fire      0%         3d3       100%        5
 Freezing Cloud           Conj/Ice/Air   0%         6-21      100%        5
 Irradiate                Conj/Tmut      0%         3d11      100%        5
 Lee's Rapid Deconstruct  Erth           0%         3d4*      100%        5
 Yara's Violent Unravell  Hex/Tmut       0%         3d3       100%        5
 Conjure Ball Lightning   Conj/Air       0%         3x3d6     100%        6
 Death Channel            Necr           0%         N/A       100%        6
 Eringya's Noxious Bog    Tmut/Pois      0%         4d6       100%        6
 Starburst                Conj/Fire      0%         6d3       100%        6
 Enfeeble                 Hex            0%         N/A       100%        7
 Haunt                    Necr/Summ      0%         N/A       100%        7
 Orb of Destruction       Conj           0%         9d5       100%        7
 Spellforged Servitor     Conj/Summ      0%         N/A       100%        7
 Summon Hydra             Summ           0%         N/A       100%        7
 Disjunction              Tloc           7%         N/A       100%        8
 Ignition                 Fire           0%         3d3       100%        8
 Lehudib's Crystal Spear  Conj/Erth      0%         10d2      100%        8
 Maxwell's Capacitive Co  Air            0%         ∞         100%        8
 Death's Door             Necr           0%         N/A       100%        9
 Dragon's Call            Summ           0%         N/A       100%        9


Dungeon Overview and Level Annotations

Branches:
Dungeon (15/15)            Temple (1/1) D:6            Lair (5/5) D:10
  Swamp (4/4) Lair:2       Spider (4/4) Lair:2        Slime (5/5) Lair:5
    Orc (2/2) D:10            Elf (3/3) Orc:2        Vaults (5/5) D:14
  Crypt (3/3) Vaults:2       Tomb (0/3) Crypt:3      Depths (4/4) D:15
    Zot (0/5) Depths:4      Sewer (visited)         Volcano (visited)
Desolation (visited)

Altars:
Ashenzari
Cheibriados
Dithmenos
Elyvilon
Fedhas
Gozag
Hepliaklqana
Kikubaaqudgha
Makhleb
Nemelex Xobeh
Okawaru
Qazlal
Ru
Sif Muna
Trog
Uskayaw
Vehumet
Wu Jian
Xom
Yredelemnul
Zin
The Shining One
Jiyva

Shops:
D:1 :!=   D:4 **   D:13 ?   Temple !?[!(=!   Orc:2 *[=(   Elf:1 =[=
Elf:2 [[[[*   Spider:3 ((   Vaults:1 ?   Vaults:2 [*   Vaults:3 [   Vaults:4 (
Vaults:5 (   Depths:3 [

Portals:
Hell: Depths:1 Depths:2 Depths:3 Depths:4
Abyss: Depths:1 Depths:2 Depths:3
Pandemonium: Depths:2
Ziggurat: Depths:3

Annotations:
D:14 3 runed translucent doors
Lair:4 2 transporters, Godezusi's ghost, journeyman DsFi


Innate Abilities, Weirdness & Mutations

You have a pair of horns on your head.
You reflexively headbutt those who attack you in melee.
You are clumsy. (Dex -2)
Your body often deteriorates upon taking damage.
You are dopey. (Int -2)
You are frail. (-10% HP)
Your magical capacity is very low. (-20% MP)
Potions are less effective at restoring your health.
Your spells are much easier to cast, but much less powerful.


Message History

You start resting.
A reaper comes into view. It is wielding a +0 scythe of flaming.
Gozag incites the reaper against you.
The reaper goes berserk!
A reaper is nearby!
A tormentor comes into view.
The tormentor roars!
The tormentor calls on the powers of darkness!
Your body is wracked with pain!
* * * LOW HITPOINT WARNING * * *
Your body deteriorates!
You feel clumsy.
Found 27 gold pieces.
A tormentor is nearby!
The tormentor calls on the powers of darkness!
Your body is wracked with pain!
* * * LOW HITPOINT WARNING * * *
A tormentor is nearby!
Unknown command.
Your system partially rejects the healing.
You feel better.
The tormentor hits you but does no damage. x2
The reaper hits you from afar with a +0 scythe of flaming!!
* * * LOW HITPOINT WARNING * * *
The reaper burns you.
* * * LOW HITPOINT WARNING * * *
Unknown command.
Your system partially rejects the healing.
You feel much better. The tormentor barely misses you. You furiously retaliate!
You headbutt the tormentor!
The tormentor hits you but does no damage.
The reaper hits you from afar with a +0 scythe of flaming.
* * * LOW HITPOINT WARNING * * *
The reaper burns you.
* * * LOW HITPOINT WARNING * * *
The tormentor barely misses you. x2
The reaper hits you from afar with a +0 scythe of flaming!
* * * LOW HITPOINT WARNING * * *
Gozag petitions for your drink to fail.
The reaper hits you from afar with a +0 scythe of flaming!!
You die...

...... .... ....
... #.. #. # #.#
... ###.# #2#
....
......##@###.....
#..............
##.####2##.$..
#........# #.
................
.........###....
.........# ##
..2......#
.#.##.####


You could see a reaper (berserk, incited) and a tormentor.

Vanquished Creatures
  the Royal Jelly (Slime:5)
  Mennas (Vaults:3)
  2 royal mummies
  Bai Suzhen (Spider:4)
  2 pandemonium lords (Pan)
  7 golden dragons
  2 profane servitors (Crypt:3)
  2 bone dragons
  A shard shrike zombie (Crypt:3)
  A Brimstone Fiend (Pan)
  A walking crystal tome (Depths:2)
  2 Hell Sentinels (Pan)
  5 tentacled monstrosities
  2 liches
  An Ice Fiend (Pan)
  4 titans (Vaults:5)
  Mlioglotl (Swamp:1)
  3 quicksilver dragons
  4 sphinxes
  2 deep elf blademasters
  4 deep elf master archers (Elf:3)
  2 ancient champions (Crypt:1)
  17 acid blobs
  3 Executioners (Pan)
  2 thorn hunters
  8 tengu reavers
  5 storm dragons
  6 azure jellies
  4 shadow dragons
  16 rockslimes
  3 revenants (Crypt:2)
  A fenstrider witch (Swamp:3)
  8 emperor scorpions
  6 fire giants
  7 frost giants
  17 vault wardens
  7 deep elf elementalists
  8 deep elf sorcerers (Elf:3)
  Louise (Depths:1)
  5 orc warlords
  3 imperial myrmidons (Desolation)
  3 iron dragons (Vaults:5)
  A juggernaut zombie (Crypt:1)
  6 ghost moths
  7 ghouls
  8 quicksilver oozes
  3 war gargoyles
  3 cacodemons (Pan)
  A demonspawn corrupter (Pan)
  5 reapers (Pan)
  A curse skull (Crypt:1)
  9 ironbound thunderhulks
  5 formless jellyfish
  20 ironbound preservers
  8 stone giants
  A draconian annihilator (Depths:4)
  7 broodmothers
  2 demonspawn black suns (Pan)
  4 eleionomae
  17 very ugly things
  11 deep elf annihilators
  4 black draconians (Depths:4)
  5 deep elf demonologists
  7 vampire knights
  6 bunyips
  2 lorocyprocas (Pan)
  2 yellow draconians (Depths:4)
  12 dire elephants
  2 halazid warlocks (Desolation)
  2 purple draconians (Depths:4)
  9 spark wasps
  4 blizzard demons (Pan)
  12 deep elf death magi
  A jiangshi (Crypt:1)
  Snorg (Lair:5)
  10 ettins
  6 crystal guardians
  A green death (Pan)
  8 eidola
  13 great orbs of eyes
  5 entropy weavers
  9 deep elf high priests
  Josephine (Swamp:1)
  2 shambling mangroves
  17 yaktaur captains
  7 fire dragons
  5 rakshasas
  A fenstrider witch zombie (Crypt:3)
  5 ragged hierophants (Desolation)
  Fannar (D:12)
  3 ice dragons
  3 spriggan zombies (Crypt:3)
  32 vault guards
  A salamander tyrant (Depths:4)
  Erolcha (Orc:1)
  2 hell beasts
  21 hydras
  5 servants of whispers (Desolation)
  9 peacekeepers
  2 jorogumos
  2 catoblepae (Abyss:3)
  A ghost crab (Swamp:4)
  3 spriggan air magi
  A catoblepas (shapeshifter) (Vaults:5)
  9 ironbound frosthearts
  5 death knights
  12 boulder beetles
  12 alligators
  3 radroaches (Spider:1)
  5 two-headed ogres
  13 centaur warriors
  27 dancing weapons
  7 deep troll shamans
  4 death yaks (Lair:2)
  11 deep troll earth magi
  A quicksilver ooze zombie (Crypt:1)
  An orc high priest (Orc:2)
  6 tengu warriors
  16 demonic crawlers
  2 vampire magi (Crypt:1)
  2 occultists (Depths:2)
  2 titan zombies
  2 spriggan berserkers (Swamp:1)
  7 sun demons
  Nergalle (D:10)
  18 deep elf knights
  A fire crab (Volcano)
  11 soul eaters
  15 hell knights
  5 iron trolls
  2 skysharks
  4 pharaoh ants
  6 sixfirhies
  3 goliath frogs
  24 skeletal warriors
  An anaconda zombie (Crypt:2)
  2 shadow wraiths
  A sun moth (Spider:3)
  Lodul (D:14)
  72 deep trolls
  A flayed ghost (Crypt:3)
  2 shadow demons
  6 spriggan druids
  A death drake (Abyss:3)
  6 orb spiders
  An orange crystal statue (D:14)
  14 orc knights
  3 arcanists
  6 lindwurms
  14 swamp dragons
  3 glowing orange brains
  4 necromancers
  9 steelbarb worms
  2 obsidian statues
  A lindwurm (shapeshifter) (Vaults:2)
  4 bog bodies
  6 harpies
  23 ironbound convokers
  32 phantasmal warriors
  A golden dragon skeleton (Crypt:2)
  12 deep elf archers
  A wolf spider zombie (D:12)
  31 deep elf pyromancers
  20 wolf spiders
  6 orc sorcerers
  25 deep elf zephyrmancers
  4 shining eyes
  9 cyclopes
  37 ugly things
  A shining eye (shapeshifter) (Vaults:1)
  2 will-o-the-wisps
  3 salamanders (Depths:4)
  A worldbinder (Abyss:3)
  3 manticores
  A frost giant zombie (Depths:2)
  A dire elephant zombie (Crypt:3)
  3 eyes of devastation
  4 elephants (Lair:3)
  4 moths of wrath
  9 centaur zombies
  5 molten gargoyles
  20 vault sentinels
  16 smoke demons
  2 black mambas
  A gargoyle (D:12)
  4 rust devils (Pan)
  2 torpor snails
  A torpor snail (shapeshifter) (Vaults:5)
  An alligator snapping turtle zombie (Crypt:3)
  9 orange demons (Pan)
  12 cane toads
  3 guardian serpents (Desolation)
  A steelbarb worm zombie (Crypt:2)
  4 unseen horrors
  A rime drake (Lair:1)
  A kobold demonologist (D:9)
  14 komodo dragons
  3 tormentors (Pan)
  An efreet (D:14)
  4 hellions (Pan)
  40 yaktaurs
  An anaconda simulacrum (Crypt:1)
  12 freezing wraiths
  A yaktaur (shapeshifter) (Vaults:4)
  2 ice devils (Pan)
  A hydra zombie (Crypt:3)
  2 red devils (Pan)
  5 harpy zombies (Crypt:3)
  A troll (shapeshifter) (D:13)
  10 meliai
  27 hornets
  A queen bee (D:13)
  8 trolls
  3 guardian mummies (Crypt:3)
  A tarantella (shapeshifter) (Vaults:5)
  10 polar bears
  5 catoblepas skeletons (Abyss:3)
  A fire dragon zombie (Crypt:1)
  7 tyrant leeches
  54 saltlings
  7 hellwings (Pan)
  11 large abominations
  6 glass eyes
  21 tarantellas
  A meliai zombie (D:12)
  A guardian serpent zombie (Crypt:1)
  A dream sheep (shapeshifter) (Vaults:5)
  A raiju (Abyss:3)
  2 dream sheep (Lair:5)
  An ettin zombie (Crypt:1)
  21 blink frogs
  An air elemental (Elf:3)
  69 slime creatures
  34 jumping spiders
  42 spriggans
  5 shadows
  23 culicivoras
  5 flying skulls (Crypt:1)
  12 wraiths
  11 ynoxinuls (Pan)
  A human (shapeshifter) (Elf:3)
  5 fire elementals
  4 vampires
  11 fire bats (Volcano)
  46 yaks
  Grum (D:8)
  6 basilisks
  4 wyverns
  16 humans (D:14)
  7 golden eyes (Slime:5)
  43 redbacks
  2 neqoxecs (Pan)
  17 vampire mosquitoes
  6 chaos spawn
  A spriggan simulacrum (Depths:2)
  A redback (shapeshifter) (Vaults:5)
  4 wargs
  2 steam dragons (D:7)
  20 swamp worms
  7 water moccasins
  A sky beast (shapeshifter) (Vaults:5)
  A water nymph skeleton (Crypt:2)
  24 orc warriors
  Pargi (D:3)
  9 swamp drakes (Swamp:4)
  2 sky beasts
  3 black bears
  A blink frog zombie (Crypt:2)
  A manticore zombie (Crypt:1)
  34 wolves
  4 ogres
  A snapping turtle zombie (Crypt:1)
  5 boggarts
  A phantom (Crypt:3)
  16 centaurs
  A kobold brigand (D:7)
  3 small abominations (Depths:3)
  2 gnoll sergeants
  13 necrophages (Crypt:3)
  16 bullfrogs
  2 yaktaur zombies (Crypt:2)
  6 earth elementals
  A yaktaur skeleton (Crypt:2)
  11 scorpions
  A cyclops skeleton (Crypt:1)
  9 wights
  7 wyvern skeletons (Crypt:3)
  14 killer bees (D:13)
  An electric eel (Spider:4)
  8 howler monkeys
  A crimson imp (Abyss:3)
  A bullfrog zombie (Crypt:2)
  6 lava snakes (Volcano)
  2 jellies (D:4)
  7 hounds
  Crazy Yiuf (D:2)
  17 orc priests
  2 sleepcaps
  2 iguanas
  19 orc wizards
  A hound zombie (Crypt:1)
  17 gnolls
  12 adders
  2 ufetubi (D:6)
  2 worms
  2 dart slugs
  51 orcs
  14 bats
  7 endoplasms
  4 giant cockroaches
  A gnoll zombie (Crypt:2)
  4 goblins
  13 hobgoblins
  8 jackals
  3 quokkas
  8 ball pythons
  A frilled lizard (D:3)
  A gnoll skeleton (Crypt:2)
  16 kobolds
  5 rats
  2 spectral weapons (Swamp:2)
2383 creatures vanquished.

Vanquished Creatures (collateral kills)
  A deep elf annihilator (Elf:3)
1 creature vanquished.

Vanquished Creatures (others)
  A soul eater (Pan)
  A deep elf zephyrmancer (Elf:1)
  2 bloated husks
  A saltling (Desolation)
  A swamp drake (Swamp:4)
  6 foxfires (Swamp:4)
  2 starspawn tentacles (Pan)
14 creatures vanquished.

Grand Total: 2398 creatures vanquished

Notes
Turn   | Place    | Note
-------+----------+-------------------------------------------
     0 | D:1      | strifetoe the Minotaur Monk began the quest for the Orb.
     0 | D:1      | Reached XP level 1. HP: 19/19 MP: 0/0
    72 | D:1      | Reached XP level 2. HP: 11/27 MP: 1/1
   191 | D:1      | Found Niehemm's Jewellery Shoppe.
   227 | D:1      | Reached skill level 4 in Fighting
   533 | D:1      | Found Waong's Distillery.
   621 | D:1      | Reached XP level 3. HP: 33/33 MP: 2/2
   633 | D:1      | Found Furyokk's Book Shop.
  1472 | D:2      | Found a runed translucent door.
  1473 | D:2      | Noticed Crazy Yiuf
  1547 | D:3      | Reached XP level 4. HP: 36/41 MP: 3/3
  1549 | D:3      | Noticed Pargi
  1559 | D:3      | Killed Pargi
  1560 | D:3      | Reached skill level 5 in Fighting
  1560 | D:3      | Reached skill level 5 in Axes
  1560 | D:3      | Reached XP level 5. HP: 41/48 MP: 4/4
  2278 | D:4      | Found Rasaxuz's General Store.
  2282 | D:4      | Found Gexzeuckech's Specific Store.
  2453 | D:4      | Reached skill level 5 in Dodging
  2453 | D:4      | Reached XP level 6. HP: 56/56 MP: 5/5
  2877 | D:4      | Reached XP level 7. HP: 58/61 MP: 6/6
  3483 | D:5      | Entered Level 5 of the Dungeon
  3526 | D:5      | Found a glowing drain.
  3606 | Sewer    | Entered a sewer
  3919 | D:5      | Reached skill level 10 in Axes
  3919 | D:5      | Reached XP level 8. HP: 64/68 MP: 7/7
  4576 | D:2      | Killed Crazy Yiuf
  4799 | D:6      | Found a staircase to the Ecumenical Temple.
  4873 | Temple   | Entered the Ecumenical Temple
  4935 | Temple   | Became a worshipper of Gozag Ym Sagoz the Greedy
  5711 | D:7      | Noticed a hornet
  5716 | D:7      | Paralysed by a hornet for 1 turns
  5720 | D:7      | Killed a hornet
  5968 | D:7      | Reached XP level 9. HP: 59/74 MP: 8/8
  6073 | D:7      | Found an iron altar of Okawaru.
  7083 | D:2      | Identified a scroll of acquirement
  7083 | D:2      | Acquired 892 gold pieces
  7264 | D:1      | Bought the amulet of Vitality {RegenMP++ Regen++} for 1100
                  | gold pieces
  7264 | D:1      | Found the amulet of Vitality {RegenMP++ Regen++}
  7341 | D:1      | Bought a potion of curing for 30 gold pieces
  7341 | D:1      | Bought a potion of curing for 30 gold pieces
  7341 | D:1      | Bought a potion of curing for 30 gold pieces
  7341 | D:1      | Bought a potion of curing for 30 gold pieces
  7341 | D:1      | Bought a potion of heal wounds for 50 gold pieces
  7341 | D:1      | Bought a potion of heal wounds for 50 gold pieces
  7341 | D:1      | Bought a potion of heal wounds for 50 gold pieces
  7685 | D:8      | Noticed Grum
  7695 | D:8      | Reached skill level 15 in Axes
  7704 | D:8      | Killed Grum
  8310 | D:8      | Reached XP level 10. HP: 81/81 MP: 9/9
  8351 | D:8      | Found a burning altar of Makhleb.
  8366 | D:8      | Found a broken altar of Ashenzari.
  8368 | D:8      | Found a stormy altar of Qazlal.
  8368 | D:8      | Found a white marble altar of Elyvilon.
  8369 | D:8      | Found a hazy altar of Hepliaklqana.
  8370 | D:8      | Found an ancient bone altar of Kikubaaqudgha.
  8371 | D:8      | Found a snail-covered altar of Cheibriados.
  8414 | D:9      | Noticed a two-headed ogre
  8423 | D:9      | Killed a two-headed ogre
  8438 | D:9      | Reached skill level 1 in Armour
  8531 | D:9      | Reached skill level 6 in Fighting
  8554 | D:9      | Reached skill level 7 in Fighting
  8915 | D:9      | Reached skill level 5 in Armour
  8991 | D:10     | Entered Level 10 of the Dungeon
  9007 | D:10     | Reached skill level 8 in Fighting
  9170 | D:10     | Found a staircase to the Orcish Mines.
  9173 | D:10     | Noticed a two-headed ogre
  9173 | D:10     | Noticed Nergalle
  9183 | D:10     | Killed a two-headed ogre
  9184 | D:10     | Reached XP level 11. HP: 95/95 MP: 10/10
  9201 | D:10     | Killed Nergalle
  9202 | D:10     | Reached skill level 9 in Fighting
  9228 | D:10     | Found a staircase to the Lair.
  9487 | D:10     | Found a basalt altar of Yredelemnul.
 10006 | D:11     | Noticed a two-headed ogre
 10013 | D:11     | Killed a two-headed ogre
 10014 | D:11     | Reached skill level 10 in Fighting
 10028 | D:11     | Found an ornate altar of the Wu Jian Council.
 10808 | D:11     | Noticed a boulder beetle
 10808 | D:11     | Noticed a purple ugly thing
 10818 | D:11     | Killed a purple ugly thing
 10863 | D:11     | Killed a boulder beetle
 11124 | D:12     | Reached skill level 11 in Fighting
 11147 | D:12     | Noticed Fannar
 11198 | D:11     | Reached skill level 10 in Armour
 11358 | D:12     | Reached skill level 12 in Fighting
 11493 | D:12     | Noticed a boulder beetle
 11513 | D:12     | Killed a boulder beetle
 11514 | D:12     | Reached XP level 12. HP: 66/112 MP: 11/11
 11806 | D:12     | Reached skill level 1 in Evocations
 11913 | D:12     | Killed Fannar
 11928 | D:12     | Noticed a two-headed ogre
 11929 | D:12     | Noticed a tengu warrior
 11977 | D:12     | Killed a two-headed ogre
 11979 | D:12     | Noticed a tengu warrior
 12002 | D:12     | Killed a tengu warrior
 12031 | D:12     | Killed a tengu warrior
 12479 | D:13     | Found Koadib's Magic Scroll Emporium.
 12511 | D:13     | Noticed a centaur warrior
 12608 | Lair:1   | Entered Level 1 of the Lair of Beasts
 12646 | Lair:1   | Reached skill level 5 in Evocations
 13187 | Lair:1   | Reached XP level 13. HP: 117/119 MP: 12/12
 13619 | Lair:2   | Identified the "Kukes"
 13936 | Lair:2   | Reached skill level 13 in Fighting
 14006 | Lair:2   | Found a hole to the Spider Nest.
 14108 | Lair:2   | Found a dark tunnel.
 14209 | Lair:2   | Found a staircase to the Swamp.
 14247 | Volcano  | Entered a volcano
 14384 | Volcano  | Found a burning altar of Makhleb.
 15026 | Lair:3   | Reached skill level 14 in Fighting
 16088 | Lair:4   | Reached skill level 15 in Fighting
 16149 | Lair:4   | Noticed Rupert
 16161 | Lair:4   | Found a transporter.
 16162 | Lair:4   | Noticed Godezusi's ghost (journeyman DsFi)
 16182 | Lair:4   | Found a transporter.
 16200 | Lair:4   | You fall into a shaft and drop 1 floor!
 16200 | Lair:5   | Entered Level 5 of the Lair of Beasts
 16280 | Lair:5   | Found a viscous altar of Jiyva.
 16281 | Lair:5   | Found a staircase to the Slime Pits.
 16319 | Lair:5   | Reached XP level 14. HP: 135/135 MP: 13/13
 16333 | Lair:4   | Noticed Snorg
 16340 | Lair:5   | Killed Snorg
 17033 | Lair:5   | Noticed Sonja
 17034 | Lair:5   | Sonja changed into Sonja the wyvern
 17034 | Lair:5   | Noticed Sonja
 17040 | Lair:5   | Killed Sonja the wyvern
 17123 | Lair:5   | Reached skill level 15 in Armour
 17203 | Lair:5   | Reached skill level 16 in Fighting
 17613 | Lair:5   | Identified the +10 great sword of the Rescuing Seer {venom,
                  | rElec rN++ Str-5 Dex+3}
 18383 | Orc:1    | Entered Level 1 of the Orcish Mines
 18383 | Orc:1    | Noticed Erolcha
 18391 | Orc:1    | Killed Erolcha
 18817 | Orc:2    | Entered Level 2 of the Orcish Mines
 18825 | Orc:2    | Reached skill level 17 in Fighting
 18909 | Orc:2    | Found a staircase to the Elven Halls.
 19195 | Orc:2    | Noticed an orc warlord
 19231 | Orc:2    | Killed an orc warlord
 19642 | Orc:2    | Found Viurch's Antique Weapon Shoppe.
 19742 | Orc:2    | Found Turizoiz's General Store.
 19757 | Orc:2    | Found Xiagier's Jewellery Shoppe.
 19985 | Orc:2    | Found Wutrifio's Antique Armour Shoppe.
 19992 | Orc:2    | Bought the +9 scales of the Dragon King {rPois rF+ rC+
                  | Will+} for 4118 gold pieces
 19992 | Orc:2    | Found the +9 scales of the Dragon King {rPois rF+ rC+
                  | Will+}
 20119 | Orc:2    | Bought a crystal battleaxe for 368 gold pieces
 20119 | Orc:2    | Identified the +7 battleaxe "Lesozxop" {flame, rC+ Will+
                  | rCorr} (You bought it in a shop on level 2 of the Orcish
                  | Mines)
 20141 | Orc:2    | Bought a scroll of teleportation for 39 gold pieces
 20141 | Orc:2    | Bought a potion of curing for 39 gold pieces
 20141 | Orc:2    | Bought a scroll of revelation for 97 gold pieces
 20178 | Orc:1    | Noticed an orc warlord
 20194 | Orc:1    | Killed an orc warlord
 20205 | Orc:2    | Reached XP level 15. HP: 100/147 MP: 14/14
 20933 | D:13     | Found a hide-covered altar of Uskayaw.
 21034 | D:14     | Noticed Lodul
 21034 | D:14     | Found a gate to the Vaults.
 21040 | D:14     | Killed Lodul
 21399 | D:14     | Found a runed translucent door.
 21417 | D:14     | Found a runed translucent door.
 21584 | D:14     | Found a runed translucent door.
 21603 | D:14     | Found a runed translucent door.
 21745 | D:14     | Found a shimmering blue altar of Sif Muna.
 22199 | D:15     | Entered Level 15 of the Dungeon
 22907 | D:15     | Found a staircase to the Depths.
 23279 | Spider:1 | Identified the "Ryne Oro"
 23279 | Spider:1 | Entered Level 1 of the Spider Nest
 23468 | Spider:1 | Reached XP level 16. HP: 53/155 MP: 15/15
 24711 | Spider:2 | Reached skill level 18 in Fighting
 25236 | Spider:2 | Identified the +5 long sword "Peorihun" {drain, rF+ Dex+3}
 25757 | Spider:3 | Reached skill level 19 in Fighting
 26109 | Spider:4 | Entered Level 4 of the Spider Nest
 26109 | Spider:4 | Noticed Bai Suzhen
 26119 | Spider:4 | Killed Bai Suzhen
 26123 | Spider:4 | Reached XP level 17. HP: 149/168 MP: 16/16
 26254 | Spider:4 | Identified the +10 whip of Jipaoc {venom, Drain Str+4
                  | Dex+3}
 26656 | Spider:4 | Reached skill level 20 in Fighting
 26833 | Spider:4 | Got a gossamer rune of Zot
 26910 | Spider:4 | Identified the +1 hat of Makhleb's Reproof {Harm rC+++
                  | Str-2 Dex-3}
 27281 | Swamp:1  | Entered Level 1 of the Swamp
 27361 | Swamp:1  | Noticed Josephine
 27373 | Swamp:1  | Killed Josephine
 27491 | Swamp:1  | Noticed Mlioglotl
 27510 | Swamp:1  | Killed Mlioglotl
 27556 | Swamp:1  | Found the +27 heavy crossbow "Sniper" {heavy, Acc+∞ SInv}
 27599 | Swamp:1  | You fall into a shaft and drop 1 floor!
 27857 | Swamp:1  | Reached skill level 21 in Fighting
 28128 | Swamp:2  | Reached skill level 10 in Dodging
 28515 | Swamp:3  | Reached XP level 18. HP: 181/182 MP: 17/17
 29135 | Swamp:4  | Entered Level 4 of the Swamp
 29205 | Swamp:4  | Reached skill level 22 in Fighting
 29317 | Swamp:4  | Got a decaying rune of Zot
 30592 | Vaults:1 | Entered Level 1 of the Vaults
 30868 | Vaults:1 | Gained mutation: You are clumsy. (Dex -2) [a shining eye]
 30871 | Vaults:1 | Gained mutation: Potions are less effective at restoring
                  | your health. [a shining eye]
 31516 | Vaults:1 | Reached XP level 19. HP: 193/193 MP: 18/18
 31554 | Vaults:1 | Found Buhyuvys's Magic Scroll Boutique.
 32198 | Vaults:2 | Found Fomudu Tairr's Armour Boutique.
 32404 | Vaults:2 | Found Kiamn's General Store.
 32411 | Vaults:2 | Bought a potion of heal wounds for 70 gold pieces
 32498 | Vaults:2 | Reached skill level 15 in Dodging
 32505 | Vaults:2 | Found a staircase to the Crypt.
 33029 | Vaults:2 | Paralysed by a sphinx for 4 turns
 33413 | Desolati | Identified the "Jups"
 33413 | Desolati | Identified the "Ijuqenism"
 33413 | Desolati | Identified the of Feykhoni
 33413 | Desolati | Identified the "Fearchera"
 33413 | Desolati | Identified the "Duniopt"
 33457 | Vaults:3 | Found Xawecemo's Armour Shoppe.
 33505 | Vaults:3 | Found a crumbling gateway.
 33538 | Desolati | Entered the Desolation of Salt
 33646 | Desolati | Identified the ring of Entuasem {rC++ MP+9 Int+4 Stlth-}
 34141 | Desolati | Identified the +0 helmet of the Untouchables {rC++}
 34162 | Desolati | Identified the ring of the Skiapode {Will+ Dex+2 SInv}
 34176 | Desolati | Reached XP level 20. HP: 191/191 MP: 19/19
 34396 | Vaults:3 | Noticed Mennas
 34458 | Vaults:3 | Killed Mennas
 35174 | Vaults:3 | Reached skill level 23 in Fighting
 35797 | Vaults:5 | Identified the "Xorphegh"
 35797 | Vaults:5 | Identified the "Norr"
 35797 | Vaults:5 | Identified the "Nouphezy"
 35797 | Vaults:5 | Identified the "Poleseba"
 35797 | Vaults:5 | Identified the "Fifocsoe"
 35797 | Crypt:3  | Identified the "Wirra"
 35797 | Elf:1    | Entered Level 1 of the Elven Halls
 36701 | Elf:1    | Reached skill level 24 in Fighting
 36705 | Elf:1    | Found Sukk's Armour Shop.
 36805 | Elf:1    | Found Eclevere's Jewellery Emporium.
 36933 | Elf:1    | Found Guubal's Jewellery Shop.
 37518 | Elf:2    | Found Vayvviatz's Antique Armour Shop.
 37534 | Abyss:3  | Cast into level 3 of the Abyss (+3 scimitar of distortion)
 37757 | Abyss:3  | Noticed a bone dragon
 37766 | Abyss:3  | Killed a bone dragon
 37799 | Abyss:3  | Reached skill level 25 in Fighting
 37822 | Abyss:3  | Got an abyssal rune of Zot
 37825 | Elf:2    | Escaped the Abyss
 37974 | Elf:2    | Found a runed translucent gate.
 37975 | Elf:2    | Found a runed translucent gate.
 37975 | Elf:2    | Found a runed translucent gate.
 38003 | Elf:2    | Found Yhait's Antique Armour Shoppe.
 38005 | Elf:2    | Found Tocw's Armour Emporium.
 38056 | Elf:2    | Bought the +1 pair of gloves of Pantheism {rN+ Int+3} for
                  | 432 gold pieces
 38075 | Elf:2    | Found Yschitay's Assorted Antiques.
 38080 | Elf:2    | Bought a flickering golden amulet for 140 gold pieces
 38080 | Elf:2    | Identified the amulet "Ruozuorch" {Spirit rElec Int+3
                  | Dex+3} (You bought it in a shop on level 2 of the Elven
                  | Halls)
 38080 | Elf:2    | Bought 2 potions of heal wounds for 280 gold pieces
 38123 | Elf:2    | Reached XP level 21. HP: 217/217 MP: 18/20
 39050 | Elf:3    | Identified the "Mueten"
 39050 | Elf:3    | Identified the of Gugo Aron
 39050 | Elf:3    | Identified the of Jiehoan
 39050 | Elf:3    | Identified the "Kuisoucs"
 39050 | Elf:3    | Entered Level 3 of the Elven Halls
 39062 | Elf:3    | Reached skill level 26 in Fighting
 40299 | Elf:3    | Reached skill level 27 in Fighting
 40342 | Elf:3    | Found the ring of Shadows {Umbra +Inv Stlth+}
 40553 | Elf:3    | Identified the ring "Rediaz" {Fire rN+}
 41255 | Orc:2    | Bought an Inescapable Atlas for 208 gold pieces
 41258 | Orc:2    | Learned a level 2 spell: Blink
 41486 | Depths:1 | Entered Level 1 of the Depths
 41508 | Depths:1 | Reached skill level 1 in Translocations
 41513 | Depths:1 | Reached skill level 1 in Spellcasting
 41651 | Depths:1 | Found a white marble altar of Elyvilon.
 41747 | Depths:1 | Found a one-way gate to the infinite horrors of the Abyss.
 41747 | Depths:1 | Noticed Louise
 41761 | Depths:1 | Killed Louise
 41906 | Depths:1 | Found a glowing silver altar of Zin.
 42319 | Depths:1 | Found a gateway to Hell.
 42596 | Depths:2 | Reached XP level 22. HP: 233/233 MP: 19/26
 43325 | Depths:2 | Reached skill level 5 in Translocations
 43342 | Depths:2 | Found a one-way gate leading to the halls of Pandemonium.
 43650 | Depths:2 | Reached skill level 5 in Spellcasting
 43976 | Depths:2 | Identified the +3 short sword of Interdependent Arising
                  | {heavy, Int+2}
 44256 | Depths:4 | Entered Level 4 of the Depths
 44369 | Depths:3 | Noticed a golden dragon
 44381 | Depths:3 | Killed a golden dragon
 44567 | Depths:3 | Found Lostruoto's Armour Boutique.
 44574 | Depths:3 | Bought the +3 crown of Dyrovepreva {rElec Int+2 SInv} for
                  | 662 gold pieces
 44574 | Depths:3 | Found the +3 crown of Dyrovepreva {rElec Int+2 SInv}
 44798 | Depths:3 | Found a sparkling altar of Nemelex Xobeh.
 44834 | Depths:3 | Noticed a golden dragon
 44848 | Depths:3 | Killed a golden dragon
 44960 | Depths:3 | Noticed a royal mummy
 44973 | Depths:3 | Killed a royal mummy
 45447 | Depths:3 | Found a one-way gateway to a ziggurat.
 45676 | Abyss:3  | Cast into level 3 of the Abyss (black draconian)
 45691 | Depths:4 | Escaped the Abyss
 45691 | Depths:4 | Noticed a golden dragon
 45697 | Depths:4 | Killed a golden dragon
 45929 | Depths:4 | Found a gate to the Realm of Zot.
 46891 | Vaults:4 | Reached XP level 23. HP: 240/240 MP: 33/33
 46991 | Vaults:4 | Learned a level 4 spell: Manifold Assault
 47051 | Vaults:4 | Found a transporter.
 47065 | Vaults:4 | Found a transporter.
 47756 | Vaults:4 | Found Uwkeow's Antique Weapon Boutique.
 47842 | Vaults:4 | Reached skill level 10 in Translocations
 48281 | Vaults:5 | Entered Level 5 of the Vaults
 48340 | Vaults:5 | Identified the +7 broad axe "Zoma" {drain, Will- rCorr
                  | Dex+2}
 48432 | Vaults:5 | Identified the +8 quarterstaff of Fortitude {drain, rElec
                  | rF+ Dex+5}
 48497 | Vaults:5 | Identified the ring "Zugecwig" {Int+6 Slay+3}
 48524 | Vaults:5 | Reached XP level 24. HP: 220/249 MP: 34/34
 48632 | Vaults:5 | Identified the +2 rapier of Iroraria {heavy, *Rage rElec
                  | rN+ rCorr}
 48707 | Vaults:5 | Got a silver rune of Zot
 48842 | Vaults:5 | Identified the ring of the Everdark {rC+ EV+5}
 48975 | Vaults:5 | Found Weath's Antique Weapon Shoppe.
 48984 | Vaults:5 | Identified the staff of Uncomfortable Rashes {Will+ Str-2
                  | Int+5 Earth}
 50149 | Zot:3    | Identified the of Raty
 50149 | Zot:5    | Identified the of Qiroivir
 50149 | Slime:1  | Entered Level 1 of the Pits of Slime
 50317 | Slime:4  | Gained mutation: Your spells are a little easier to cast,
                  | but a little less powerful. [a shining eye]
 50322 | Slime:4  | Gained mutation: You are frail. (-10% HP) [a shining eye]
 50322 | Slime:4  | Gained mutation: You are occasionally teleported next to
                  | monsters. [a shining eye]
 50323 | Slime:4  | Gained mutation: Your magical capacity is low. (-10% MP) [a
                  | shining eye]
 50323 | Slime:4  | Lost mutation: You are occasionally teleported next to
                  | monsters. [a shining eye]
 50328 | Slime:4  | Gained mutation: Your magical capacity is very low. (-20%
                  | MP) [a shining eye]
 50329 | Slime:4  | Gained mutation: Your spells are easier to cast, but less
                  | powerful. [a shining eye]
 50461 | Slime:4  | Paralysed by a formless jellyfish for 1 turns
 50604 | Slime:5  | Entered Level 5 of the Pits of Slime
 50976 | Slime:5  | Noticed the Royal Jelly
 51149 | Slime:5  | Gained mutation: Your body sometimes deteriorates upon
                  | taking damage. [a shining eye]
 51225 | Slime:5  | Found a viscous altar of Jiyva.
 51233 | Slime:5  | Found the amulet of the Four Winds {rN+ Will+++ Clar}
 51346 | Slime:5  | Killed the Royal Jelly
 51471 | Slime:5  | Identified the +1 hat of the Cricket {rF++ Will+ Str+3}
 51487 | Slime:5  | Identified the +5 scale mail of the Bruised Shrikes
                  | {Rampage Int+8 Slay-2}
 51593 | Slime:5  | Identified the +8 rapier "Ybrion" {elec, rC+ Will+}
 51610 | Slime:5  | Got a slimy rune of Zot
 52193 | Temple   | Bought a +1 cloak of preservation for 379 gold pieces
 52210 | Temple   | Bought a potion of haste for 160 gold pieces
 52210 | Temple   | Bought 2 potions of mutation for 256 gold pieces
 52210 | Temple   | Bought a potion of mutation for 128 gold pieces
 52210 | Temple   | Bought a potion of heal wounds for 80 gold pieces
 52210 | Temple   | Bought a potion of haste for 160 gold pieces
 52210 | Temple   | Bought a potion of curing for 48 gold pieces
 52213 | Temple   | Bought a scroll of teleportation for 39 gold pieces
 52213 | Temple   | Bought a scroll of teleportation for 39 gold pieces
 52213 | Temple   | Bought a scroll of enchant weapon for 97 gold pieces
 52218 | Temple   | Bought a potion of heal wounds for 100 gold pieces
 52218 | Temple   | Bought a potion of haste for 200 gold pieces
 52218 | Temple   | Bought a potion of curing for 60 gold pieces
 52225 | Temple   | Bought the ring "Qycvid" {rN+ Slay+4} for 1248 gold pieces
 52230 | Temple   | Bought a potion of heal wounds for 60 gold pieces
 52230 | Temple   | Bought a potion of haste for 120 gold pieces
 52773 | D:13     | Bought a scroll of enchant armour for 127 gold pieces
 52773 | D:13     | Bought a scroll of summoning for 161 gold pieces
 52773 | D:13     | Bought a scroll of summoning for 161 gold pieces
 52968 | Temple   | Fell from the grace of Gozag
 52968 | Temple   | Became a worshipper of the Shining One
 53228 | Crypt:1  | Entered Level 1 of the Crypt
 53249 | Crypt:1  | Reached * piety under the Shining One
 53266 | Crypt:1  | Reached ** piety under the Shining One
 53477 | Crypt:1  | Reached *** piety under the Shining One
 53508 | Crypt:1  | Reached **** piety under the Shining One
 54213 | Crypt:2  | Reached ***** piety under the Shining One
 54781 | Crypt:3  | Entered Level 3 of the Crypt
 54957 | Crypt:3  | Reached XP level 25. HP: 231/231 MP: 27/27
 54988 | Crypt:3  | Reached ****** piety under the Shining One
 54989 | Crypt:3  | Reached skill level 1 in Invocations
 55196 | Crypt:3  | Found a basalt altar of Yredelemnul.
 55321 | Crypt:3  | Reached skill level 5 in Invocations
 55629 | Crypt:3  | Identified the staff of Inference {rPois rC- Will+ SInv
                  | Earth}
 55636 | Crypt:3  | Identified the +1 flail "Morchoacw" {flame, rF+}
 55637 | Crypt:3  | Identified the ring "Isig" {rPois Str+3 Int+6}
 55643 | Crypt:3  | Identified the +11 plate armour "Hiutiar" {+Blink rF+ rN+
                  | Str-2}
 56058 | Crypt:3  | Found a staircase to the Tomb.
 56058 | Crypt:3  | Noticed a royal mummy
 56070 | Crypt:3  | Killed a royal mummy
 56214 | Crypt:3  | Identified the ring of Buucus {rN+ rCorr Int+8 Dex-2 SInv}
 56214 | Crypt:3  | Identified the ring of Ibaob {rN+ rCorr Slay+2}
 56718 | Tomb:3   | Identified the "Zomotuzu"
 56718 | Tomb:3   | Identified the "Bizo Gona"
 56718 | Tar:7    | Identified the of Suoleorph
 56718 | Dis:7    | Identified the "Pidghied"
 56718 | Pan      | Entered Pandemonium
 56766 | Pan      | Noticed Saranuru the pandemonium lord
 56778 | Pan      | Killed Saranuru the pandemonium lord
 56817 | Pan      | Got a demonic rune of Zot
 56957 | Pan      | HP: 9/231 [Tzitzimitl (13)]
 57668 | Pan      | Gained mutation: Your body often deteriorates upon taking
                  | damage. [a cacodemon]
 57672 | Pan      | Reached skill level 10 in Invocations
 58164 | Pan      | Reached skill level 1 in Throwing
 58434 | Pan      | Identified a +9 executioner's axe of holy wrath (a +8
                  | executioner's axe of protection blessed by the Shining One)
 58434 | Pan      | Received a gift from the Shining One
 58577 | Pan      | Noticed Ethac the pandemonium lord
 58595 | Pan      | Killed Ethac the pandemonium lord
 58596 | Pan      | Reached skill level 5 in Throwing
 58715 | Pan      | Identified the "Oniomoun"
 58729 | Pan      | Gained mutation: You are dopey. (Int -2) [a cacodemon]
 58752 | Pan      | Identified the of Minlil
 59406 | Pan      | Gained mutation: Your spells are much easier to cast, but
                  | much less powerful. [a neqoxec]
 59448 | Pan      | Noticed Bizathe the pandemonium lord
 59505 | Pan      | HP: 7/231 [reaper/+0 scythe of flaming (6)]
 59507 | Pan      | Annihilated by a reaper

Illustrated notes

Levels and vault maps discovered:
D:1:      lemuel_arrival_rhombus, layout_basic, serial_shops, shop, shop, shop,
          nicolae_grassy_gnolls
D:2:      layout_basic, st_stairs_12, uniq_crazy_yiuf_cottage
D:3:      layout_basic, chequers_avenue, minmay_fractal_squares_gapless_5,
          uniq_pargi
D:4:      minmay_polygon_palace, layout_cave_pools, nicolae_specific_store
D:5:      layout_basic, serial_curves, eino_curves_03, eino_curves_01,
          mainiacjoe_sewer_entry_somewhere_in_here_1
D:6:      layout_gridville, minmay_temple_entry_waves,
          nicolae_houndstooth_variations
D:7:      layout_basic, nicolae_overflow_crystal_walls, grunt_decor_cap
D:8:      old_forge, layout_gridville, minitemple, uniq_grum
D:9:      layout_rooms
D:10:     layout_layer_cave, yredelemnul_altar_generic,
          due_lair_maze_entry_diamond, orc_0_dummy, uniq_nergalle
D:11:     layout_basic, serial_aquarium, aquarium_bridge_square
          [aquarium_subvault_bridge, aquarium_subvault_balcony,
          aquarium_subvault_bridge, aquarium_subvault_bridge],
          aquarium_bridge_long_separate [aquarium_subvault_wall,
          aquarium_subvault_wall, aquarium_subvault_bridge,
          aquarium_subvault_wall, aquarium_subvault_window,
          aquarium_subvault_bridge], aquarium_window_fake, aquarium_window_3,
          aquarium_window_1, aquarium_window_fake, aquarium_view_2f,
          aquarium_view_2d, aquarium_balcony_3a, aquarium_pool_1,
          nzn_wu_jian_contemplation
D:12:     layout_irregular_city, serial_undead, serial_undead_f,
          serial_undead_d, serial_undead_c, serial_undead_b, serial_undead_f,
          minmay_misc_feat_diagonals, kennysheep_doodads, uniq_fannar
D:13:     layout_loops_cross, serial_shops, shop, special_room
          [special_room_bee], small_chamber_with_monster,
          nicolae_uskayaw_murder_on_the_dancefloor
D:14:     layout_stronghold, david_vaults_3, serial_glass, glass_columns_a,
          glass_columns_b, led_sif_pool, minmay_statue_crystal_thing
D:15:     grunt_enter_depths_snipers, layout_basic, st_stairs_10
Temple:   nicolae_temple_god_jail
Lair:1:   layout_cave_pods, grunt_megastairs_2
Lair:2:   layout_loops_ring, swamp_mist_pool, spider_nest_entry_webs,
          nicolae_volcano_entry_hallway, serial_bayou_shore_b
Lair:3:   layout_hall_layers
Lair:4:   layout_cave_pods, gammafunk_ghost_arena, beast_lair_carwin_9,
          uniq_snorg, uniq_rupert
Lair:5:   minmay_lair_end_enchanted_forest, layout_cave_pods, slime_entry_1,
          serial_bayou_shore_b, uniq_sonja
Swamp:1:  nicolae_swamp_secret_spriggan_hideout, layout_falls_marsh,
          evilmike_swamp_ruin_rubble_2, uniq_josephine, uniq_mlioglotl
Swamp:2:  layout_basic_swamp, evilmike_swamp_ruin_rubble_1, swamp_pool_1_2,
          nicolae_swamp_no_escape, nicolae_swamp_decorative_isthmus
Swamp:3:  layout_basic_swamp, evilmike_swamp_ruin_house_3,
          tekkud_bubbles_buried_in_this_jungle
Swamp:4:  swamp, layout_basic_swamp
Spider:1: nicolae_spider_brood_tunnel
Spider:2: nicolae_spider_hilbert_zone_4 [nicolae_spider_hilbert_4_sides_2_open,
          nicolae_spider_hilbert_4_sides_1_open,
          nicolae_spider_hilbert_4_sides_1_open,
          nicolae_spider_hilbert_4_sides_1_open,
          nicolae_spider_hilbert_4_sides_1_open,
          nicolae_spider_hilbert_2_sides_1_open,
          nicolae_spider_hilbert_2_sides_1_open,
          nicolae_spider_hilbert_2_sides_1_open,
          nicolae_spider_hilbert_2_sides_1_open,
          nicolae_spider_hilbert_6_sides_1_open,
          nicolae_spider_hilbert_6_sides_1_open,
          nicolae_spider_hilbert_3_sides_1_open,
          nicolae_spider_hilbert_3_sides_1_open], drop_trap,
          nicolae_spider_nooks_and_crannies
Spider:3: layout_spider_delve, drop_trap
Spider:4: guppyfry_spider_rune, drop_trap, nicolae_spider_paper_wasps,
          uniq_bai_suzhen
Slime:1:  layout_caves
Slime:2:  layout_caves
Slime:3:  cheibrodos_slime_lost_civilization_10, layout_caves
Slime:4:  layout_caves, basic_altar
Slime:5:  slime_pit_nicolae_royal_road_to_ruin
Orc:1:    layout_diamond_mine, basic_altar, uniq_erolcha
Orc:2:    grunt_orc_cross, layout_diamond_mine, minmay_orc_keep
Elf:1:    eino_elf_arrival_the_gate, layout_loops_corners, serial_shops, shop,
          nicolae_shop_hallway_plus, nicolae_shop_back_alley_shop,
          hangedman_elf_represent, guppyfry_library_mini
Elf:2:    nicolae_elf_blades_crystal_corner, layout_geoelf_octagon,
          serial_shops, nicolae_shop_overgrown_old_shop, shop, shop,
          nicolae_take_the_stairs, minivault_8
Elf:3:    minmay_elf_hall_four_x, layout_gridlike, grunt_megastairs_3
Vaults:1: st_spiral_rooms, hangedman_vaults_stream, hangedman_vaults_pinch,
          vaults_standard_mumra_x, vaults_room_pools,
          nicolae_vaults_twisting_passages, nicolae_vaults_heart-shaped_vault,
          nicolae_vaults_storage_room_glass, nicolae_vaults_alarming,
          nicolae_vaults_hexular_roomagon, nicolae_vaults_oval_intersection,
          nicolae_vaults_variable_pillar_hall, layout_vaults_big_cross,
          serial_shops, shop
Vaults:2: ontoclasm_vaults_spin, nicolae_vaults_more_shelving_2,
          ontoclasm_vaults_decontamination, vaults_dpeg_encased_lava,
          blue_anna_dwarven_crypt, st_smaller_cells, v_pattern_2,
          vaults_room_door_ring, nicolae_vaults_taking_the_gang_shopping,
          nicolae_vaults_prndl, grunt_vaults_hallway_short,
          layout_vaults_chaotic_city, serial_shops, nicolae_square_shop
Vaults:3: portal_desolation_entry_twin_temple, vaults_room_boxed, v_misc_15,
          nicolae_vaults_rhombus_7, v_rooms_4, v_misc_18,
          nicolae_vaults_house_3, vaults_room_fours, vaults_room_grid,
          vaults_mumra_minichess, v_misc_23, v_rooms_5, layout_vaults_ring,
          serial_shops, nicolae_shop_stone, uniq_mennas
Vaults:4: grunt_vaults_funnel, nicolae_vaults_storage_closets_3,
          vaults_room_pool, gammafunk_sealed_arena, v_misc_26, v_rooms_2,
          vaults_room_grunt_arrival_checkpoint, v_misc_10, nicolae_vaults_theta,
          ontoclasm_vaults_gateway, nicolae_vaults_two_Ls,
          layout_vaults_omnigrid, serial_shops, shop
Vaults:5: serial_shops
Crypt:1:  layout_rooms, minmay_misc_feat_pillars, minivault_23
Crypt:2:  layout_chaotic_city
Crypt:3:  evilmike_haunted_forest
Depths:1: layout_cave_shapes, elyvilon_altar_3,
          nicolae_abyss_entry_one_way_or_another, grunt_hell_entry_dis_grunt,
          minmay_misc_feat_secret_circle, zin_academy, serial_bayou_shore_b
Depths:2: grunt_deathspiral_large, layout_gridlike, grunt_pan_entry_sceptre,
          hell_entry, abyss_entry_glasseish
Depths:3: minmay_diamond_stairs, layout_long_grid, enter_ziggurat_f,
          lemuel_doored_altar, serial_shops, shop, minmay_room_of_horrors,
          hell_entry, minmay_librarian, minmay_staircase_statues_hall_small
Depths:4: grunt_twist_and_shout, layout_gridville,
          hangedman_abyss_or_decor_stabs, hellmouth_1,
          chequers_serial_rivers_marsh
Pan:      evilmike_mini_pan_corner, layout_small_grid, evilmike_mini_pan_V,
          layout_cellular_growth, evilmike_mini_pan_pillars, layout_grid_shapes,
          pan_blood_fountain_small, pan_blood_fountain, reaverb_pan_chaos_star,
          evilmike_mini_pan_diamond, layout_gridlike, nicolae_pan_hourglass,
          layout_gridlike, nicolae_pan_performance_anxiety, layout_basic,
          nicolae_pan_sigil_uleosi, evilmike_mini_pan_pillars_b,
          layout_onion_city, nicolae_pan_diamonds, layout_basic, rand_demon_1,
          layout_gridlike, pan_blood_fountain_2

Skill      XL: |  1  2  3  4  5  6  7  8  9 10 11 12 13 14 15 16 17 18 19 20 21 22 23 24 25 |
---------------+----------------------------------------------------------------------------+-----
Fighting       | 4 5 8 12 15 17 19 21 22 25 27 | 27.0
Axes           | 4 5 7 10 13 16 17 21 22 23 25 | 25.4
Dodging        | 4 5 9 10 14 16 17 | 17.4
Armour         | 6 11 14 16 18 20 21 25 | 25.6
Evocations     | 6 |  6.5
Translocations | 3 8 13 14 | 14.0
Spellcasting   | 3 7 8 |  8.0
Invocations    | 12 | 12.1
Throwing       | 7 |  7.2

Action                     |  1- 3 |  4- 6 |  7- 9 | 10-12 | 13-15 | 16-18 | 19-21 | 22-24 | 25-27 || total
---------------------------+-------+-------+-------+-------+-------+-------+-------+-------+-------++-------
  Melee: Hand axe          |    52 |    95 |   235 |   656 |     2 |       |       |       |       ||  1040
         Headbutt          |     7 |    18 |    54 |   217 |   273 |   269 |   373 |   499 |   183 ||  1893
         War axe           |       |       |       |       |   605 |       |       |       |       ||   605
         Battleaxe         |       |       |       |       |   306 |   964 |       |       |       ||  1270
         Executioner's axe |       |       |       |       |       |   170 |  1334 |  1471 |   511 ||  3486
   Cast: Manifold Assault  |       |       |       |       |       |       |       |     6 |       ||     6
 Invoke: Call Merchant     |       |       |       |       |       |     2 |     1 |     7 |       ||    10
         Brand Weapon With |       |       |       |       |       |       |       |       |     1 ||     1
  Evoke: Wand              |       |       |       |     5 |     7 |    12 |       |     8 |       ||    32
         Condenser vane    |       |       |       |       |       |       |     2 |     1 |       ||     3
         Phial of floods   |       |       |       |       |       |       |     1 |       |       ||     1
         Phantom mirror    |       |       |       |       |       |       |     1 |       |       ||     1
    Use: Scroll            |       |       |    15 |     6 |     7 |     8 |    10 |     8 |     5 ||    59
         Potion            |       |       |     2 |     2 |     1 |     1 |    12 |     5 |     9 ||    32
   Stab: Distracted        |       |       |       |     1 |     8 |    15 |    11 |    13 |       ||    48
         Invisible         |       |       |       |     1 |       |       |       |       |       ||     1
         Paralysed         |       |       |       |       |     4 |       |       |       |       ||     4
         Petrified         |       |       |       |       |       |       |     5 |       |       ||     5
 Armour: Robe              |     9 |       |       |       |       |       |       |       |       ||     9
         Scale mail        |    17 |    61 |    81 |       |       |       |       |       |       ||   159
         Plate armour      |       |       |    43 |   444 |   529 |       |       |       |       ||  1016
         Skin              |       |       |       |   109 |       |       |       |       |       ||   109
         Gold dragon scale |       |       |       |       |   433 |  1574 |  1427 |  1826 |   540 ||  5800
  Dodge: Dodged            |    18 |    54 |   138 |   199 |   383 |   546 |   602 |   984 |   483 ||  3407

Table legend: (Time is in decaauts)
 A = Elapsed time spent in this place.
 B = Non-inter-level travel time spent in this place.
 C = Inter-level travel time spent in this place.
 D = Time resting spent in this place.
 E = Time spent auto-exploring this place.
 F = Levels seen in this place.
 G = Mean time per level.
                   A        B        C        D        E       F      G
               +--------+--------+--------+--------+--------+-----+--------+
         Total |  57957 |  51456 |   6501 |   4710 |  33994 |  65 |  891.6 |
       Dungeon |  16768 |  13360 |   3408 |    940 |  10439 |  15 | 1117.9 |
        Temple |    215 |    153 |     62 |      0 |      0 |   1 |  215.0 |
          Lair |   5737 |   5039 |    698 |    138 |   4152 |   5 | 1147.4 |
         Swamp |   3138 |   2988 |    150 |    129 |   2105 |   4 |  784.5 |
   Spider Nest |   3820 |   3663 |    157 |    328 |   2419 |   4 |  955.0 |
    Slime Pits |   1661 |   1541 |    120 |    510 |      0 |   5 |  332.2 |
  Orcish Mines |   2064 |   1850 |    214 |    200 |   1163 |   2 | 1032.0 |
   Elven Halls |   4964 |   4477 |    487 |    780 |   2366 |   3 | 1654.7 |
        Vaults |   7279 |   6572 |    707 |     56 |   4804 |   5 | 1455.8 |
         Crypt |   3148 |   2982 |    166 |    187 |   2101 |   3 | 1049.3 |
        Depths |   5173 |   4843 |    330 |     79 |   3703 |   4 | 1293.2 |
         Abyss |    299 |    299 |      0 |      0 |      0 |   2 |  149.5 |
   Pandemonium |   2702 |   2702 |      0 |   1220 |    684 |   9 |  300.2 |
         Sewer |     78 |     78 |      0 |      0 |     40 |   1 |   78.0 |
       Volcano |    212 |    212 |      0 |     23 |     14 |   1 |  212.0 |
    Desolation |    691 |    691 |      0 |    118 |      0 |   1 |  691.0 |
               +--------+--------+--------+--------+--------+-----+--------+

Top non-repeatable levels by time:
   Elf:3: 1973 daAuts
Depths:2: 1858 daAuts
Vaults:2: 1727 daAuts
   Elf:1: 1682 daAuts
 Crypt:3: 1613 daAuts
Vaults:4: 1561 daAuts
Vaults:3: 1511 daAuts
   Orc:2: 1509 daAuts
     D:7: 1424 daAuts
    D:12: 1416 daAuts
  Lair:5: 1369 daAuts
Depths:3: 1319 daAuts
    D:15: 1308 daAuts
   Elf:2: 1307 daAuts
Vaults:1: 1274 daAuts
